 Dungeon Crawl Stone Soup version 0.29-a0-517-gbdf32494f2 (webtiles) character file.

Game seed: 14836281339272275147

723 Sobieck the Digger (level 7, -1/51 HPs)
             Began as a Gnoll Earth Elementalist on May 30, 2022.
             Slain by an orc warrior
             ... wielding a +0 mace
              (13 damage)
             ... on level 4 of the Dungeon.
             The game lasted 00:10:04 (6381 turns).

Sobieck the Digger (Gnoll Earth Elementalist)       Turns: 6381, Time: 00:10:04

Health: -1/51      AC:  2    Str:  7    XL:     7   Next: 71%
Magic:  11/15      EV: 17    Int: 17    God:
Gold:   133        SH:  0    Dex: 12    Spells: 11/17 levels left

rFire   . . .      SeeInvis .   a - +6 hand axe {axe}
rCold   . . .      Faith    .   (no shield)
rNeg    . . .      Spirit   .   b - +0 robe
rPois   .          Reflect  .   (no helmet)
rElec   .          Harm     .   i - scarf {repulsion}
rCorr   .          Rampage  .   (no gloves)
Will    .....                   (no boots)
Stlth   +++.......              (no amulet)
HPRegen 0.17/turn               y - +4 ring of evasion
MPRegen 0.14/turn               (no ring)

@: hasted, repel missiles, very quick
A: fangs 1, strong nose, distributed training
a: no special abilities


You were on level 4 of the Dungeon.
You visited 1 branch of the dungeon, and saw 4 of its levels.

You collected 133 gold pieces.


Innate Abilities, Weirdness & Mutations

You have very sharp teeth.
Your uncanny sense of smell can sniff out nearby items.
Your experience applies equally to all skills.


   Skills:
 + Level 2.6 Fighting
 + Level 2.6 Short Blades
 + Level 2.6 Long Blades
 + Level 2.6 Axes
 + Level 2.6 Maces & Flails
 + Level 2.6 Polearms
 + Level 2.6 Staves
 + Level 2.6 Slings
 + Level 2.6 Bows
 + Level 2.6 Crossbows
 + Level 2.6 Throwing
 + Level 2.6 Armour
 + Level 5.3 Dodging
 + Level 5.0 Stealth
 + Level 2.6 Shields
 + Level 2.6 Unarmed Combat
 + Level 5.7 Spellcasting
 + Level 2.1 Conjurations
 + Level 2.1 Hexes
 + Level 2.1 Summonings
 + Level 2.1 Necromancy
 + Level 2.1 Translocations
 + Level 3.1 Transmutations
 + Level 2.1 Fire Magic
 + Level 2.1 Ice Magic
 + Level 2.1 Air Magic
 + Level 5.9 Earth Magic
 + Level 2.1 Poison Magic
 + Level 3.0 Invocations
 + Level 2.6 Evocations


You had 11 spell levels left.
You knew the following spells:

 Your Spells              Type           Power      Damage    Failure   Level
a - Sandblast             Erth           50%        2d12      1%          1
b - Passwall              Tmut/Erth      16%        N/A       3%          2
c - Stone Arrow           Conj/Erth      36%        3d9       8%          3

Your spell library contained the following spells:

 Spells                   Type           Power      Damage    Failure   Level
 Blink                    Tloc           24%        N/A       9%          2
 Static Discharge         Conj/Air       12%        N/A       9%          2
 Petrify                  Tmut/Erth      20%        N/A       21%         4
 Lightning Bolt           Conj/Air       6%         1d18      83%         5
 Manifold Assault         Tloc           12%        N/A       83%         5
 Storm Form               Tmut/Air       6%         N/A       100%        7
 Maxwell's Capacitive Co  Air            6%         ∞         100%        8

Inventory:

Hand Weapons
 a - a +6 hand axe (weapon) {axe}
   (You took it off an orc on level 3 of the Dungeon)
 g - a +0 club {mace}
   (You took it off a goblin on level 1 of the Dungeon)
 h - a +0 club {mace}
   (You took it off a goblin on level 1 of the Dungeon)
 j - a +0 dagger {short}
   (You took it off a goblin on level 1 of the Dungeon)
 o - a +2 short sword of freezing {short}
   (You took it off a kobold on level 4 of the Dungeon)
 w - a +2 quarterstaff of chaos {staff}
   (You took it off Crazy Yiuf on level 2 of the Dungeon)
 A - a +0 flail of protection {mace}
   (You took it off a gnoll on level 3 of the Dungeon)
 L - a +2 trident of flaming {polearm}
   (You found it on level 4 of the Dungeon)
Missiles
 q - 6 boomerangs of dispersal {=f!fthrowing}
 B - 169 stones {throwing}
 H - 4 boomerangs {throwing}
 I - 3 javelins {throwing}
Armour
 b - a +0 robe (worn)
 e - a +0 ring mail
   (You found it on level 1 of the Dungeon)
 i - a scarf of repulsion (worn)
   (You found it on level 4 of the Dungeon)
 k - a +0 leather armour
   (You took it off a kobold on level 1 of the Dungeon)
 r - a +0 leather armour
   (You found it on level 2 of the Dungeon)
 s - a scarf of invisibility
   (You found it on level 2 of the Dungeon)
 t - a +0 robe
   (You found it on level 2 of the Dungeon)
 v - a +0 leather armour
   (You found it on level 2 of the Dungeon)
 x - a +0 cloak
   (You took it off Crazy Yiuf on level 2 of the Dungeon)
 C - a +0 ring mail
   (You took it off an orc priest on level 3 of the Dungeon)
 D - a +0 robe
   (You took it off an orc wizard on level 3 of the Dungeon)
 G - a +0 robe
   (You found it on level 3 of the Dungeon)
 N - a +0 robe
   (You found it on level 4 of the Dungeon)
 O - a +0 robe
   (You found it on level 4 of the Dungeon)
 P - a +0 scale mail
   (You took it off an orc on level 4 of the Dungeon)
Jewellery
 y - a +4 ring of evasion (left hand)
   (You found it on level 4 of the Dungeon)
 E - a ring of fire
   (You found it on level 3 of the Dungeon)
Scrolls
 d - a scroll of amnesia
 m - 3 scrolls of teleportation {@r4}
 J - a scroll of immolation {unknown}
 K - a scroll of magic mapping {unknown}
 M - a scroll of blinking {unknown}
 Q - a scroll of identify {@r1}
Potions
 c - a potion of magic
 f - 6 potions of heal wounds {unknown}
 l - 5 potions of curing {@q1}
 n - 2 potions of haste {@q3}
 p - a potion of resistance {unknown}
 u - a potion of invisibility {unknown}
 z - 2 potions of cancellation {unknown}
 F - 3 potions of might {unknown}

Dungeon Overview and Level Annotations

Branches:
Dungeon (4/15)
 Temple: D:4-7

Altars:

Annotations:
D:4 1 runed translucent door, pigah's ghost, amateur OpAE

.. ###.....#.......
##.###...........##..
#..#.........#...##..
#...........###.#....
#..........##......#
#####.........##.#..##
#.............##....##
#.###.............)##.
#.Sro@####.......)....
#.gs### ##..........#
#.. ##.##..#...# #. ∆
#.##....... #
#.#.....#..
#..........
...####.##. .## ..##.
#.


You could see an orc warrior, a scorpion, a quokka, a goblin and a ball python.


Message History

You feel sick.
You are no longer poisoned.
You continue memorising.
You finish memorising.
Spell assigned to 'c'.
Unknown command.
You start resting.
Unknown command.
You start resting.
Unknown command.
Casting: Sandblast (safe; 1% risk of failure)
Confirm with . or Enter, or press ? or * to list all spells.
Okay, then.
Unknown command.
You now have 133 gold pieces (gained 12).
You pick up a book of Geomancy and begin reading...
Unfortunately, you learned nothing new.
Unknown command.
An orc warrior comes into view. It is wielding a +0 mace.
Danger!
Casting: Sandblast (safe; 1% risk of failure)
Confirm with . or Enter, or press ? or * to list all spells.
Okay, then.
The orc warrior shouts!
Casting: Sandblast (safe; 1% risk of failure)
Confirm with . or Enter, or press ? or * to list all spells.
Aiming: Sandblast (safe; 1% risk of failure)
Press: ? - help, Shift-Dir - straight line, f - orc warrior
Aim: an orc warrior, wielding a +0 mace and wearing a +0 chain mail (78% to hit)
The blast of sand hits the orc warrior but does no damage.
Casting: Sandblast (safe; 1% risk of failure)
Confirm with . or Enter, or press ? or * to list all spells.
Aiming: Sandblast (safe; 1% risk of failure)
Press: ? - help, Shift-Dir - straight line, f/p - orc warrior
Aim: an orc warrior, wielding a +0 mace and wearing a +0 chain mail (78% to hit)
The blast of sand hits the orc warrior.
A quokka comes into view.
The orc warrior closely misses you.
Casting: Sandblast (safe; 1% risk of failure)
Confirm with . or Enter, or press ? or * to list all spells.
Aiming: Sandblast (safe; 1% risk of failure)
Press: ? - help, Shift-Dir - straight line, f/p - orc warrior
Aim: an orc warrior, wielding a +0 mace and wearing a +0 chain mail (lightly wounded, 78% to hit)
The blast of sand hits the orc warrior.
A scorpion comes into view.
The orc warrior barely misses you.
Casting: Sandblast (safe; 1% risk of failure)
Confirm with . or Enter, or press ? or * to list all spells.
Aiming: Sandblast (safe; 1% risk of failure)
Press: ? - help, Shift-Dir - straight line, f/p - orc warrior
Aim: an orc warrior, wielding a +0 mace and wearing a +0 chain mail (lightly wounded, 78% to hit)
The blast of sand hits the orc warrior but does no damage.
A ball python comes into view.
The orc warrior hits you with a +0 mace.
Casting: Sandblast (safe; 1% risk of failure)
Confirm with . or Enter, or press ? or * to list all spells.
Aiming: Sandblast (safe; 1% risk of failure)
Press: ? - help, Shift-Dir - straight line, f/p - orc warrior
Aim: an orc warrior, wielding a +0 mace and wearing a +0 chain mail (lightly wounded, 78% to hit)
The blast of sand misses the orc warrior.
The ball python hisses angrily.
A goblin comes into view. It is wielding a +0 dagger.
The orc warrior hits you with a +0 mace!
Casting: Sandblast (safe; 1% risk of failure)
Confirm with . or Enter, or press ? or * to list all spells.
Aiming: Sandblast (safe; 1% risk of failure)
Press: ? - help, Shift-Dir - straight line, f/p - orc warrior
Aim: an orc warrior, wielding a +0 mace and wearing a +0 chain mail (lightly wounded, 78% to hit)
The blast of sand hits the orc warrior but does no damage.
The orc warrior closely misses you.
Unknown command.
You hit the orc warrior.
You bite the orc warrior, but do no damage.
The orc warrior hits you with a +0 mace!
* * * LOW HITPOINT WARNING * * *
You closely miss the orc warrior.
You bite the orc warrior, but do no damage.
The orc warrior misses you.
You closely miss the orc warrior.
The orc warrior hits you with a +0 mace!
* * * LOW HITPOINT WARNING * * *
You hit the orc warrior but do no damage.
You bite the orc warrior, but do no damage.
The orc warrior misses you. x2
Unknown command.
You barely miss the orc warrior. You punch the orc warrior.
The orc warrior barely misses you.
You hit the orc warrior.
You bite the orc warrior, but do no damage.
The orc warrior barely misses you.
You hit the orc warrior.
The orc warrior hits you with a +0 mace.
* * * LOW HITPOINT WARNING * * *
You barely miss the orc warrior. The orc warrior closely misses you.
You closely miss the orc warrior. The orc warrior misses you.
The orc warrior completely misses you.
Unknown command.
Okay, then.
You feel yourself speed up.
The orc warrior hits you with a +0 mace!
You die...

Skill      XL: |  1  2  3  4  5  6  7 |
---------------+----------------------+-----
Transmutations | 2 3 |  3.1
Spellcasting   | 5 |  5.7
Invocations    | 1 2 3 |  3.0
Fighting       | 1 2 |  2.6
Short Blades   | 1 2 |  2.6
Long Blades    | 1 2 |  2.6
Axes           | 1 2 |  2.6
Maces & Flails | 1 2 |  2.6
Polearms       | 1 2 |  2.6
Staves         | 1 2 |  2.6
Slings         | 1 2 |  2.6
Bows           | 1 2 |  2.6
Crossbows      | 1 2 |  2.6
Throwing       | 1 2 |  2.6
Armour         | 1 2 |  2.6
Shields        | 1 2 |  2.6
Unarmed Combat | 1 2 |  2.6
Evocations     | 1 2 |  2.6
Conjurations   | 1 2 |  2.1
Hexes          | 1 2 |  2.1
Summonings     | 1 2 |  2.1
Necromancy     | 1 2 |  2.1
Translocations | 1 2 |  2.1
Fire Magic     | 1 2 |  2.1
Ice Magic      | 1 2 |  2.1
Air Magic      | 1 2 |  2.1
Poison Magic   | 1 2 |  2.1
Dodging        | 5 |  5.3
Stealth        | 5 |  5.0
Earth Magic    | |  5.9

Action                   |  1- 3 |  4- 6 |  7- 9 || total
-------------------------+-------+-------+-------++-------
Melee: Unarmed           |     1 |       |       ||     1
       Club              |    51 |       |       ||    51
       Bite              |     6 |     4 |     5 ||    15
       Dagger            |    40 |    71 |       ||   111
       Hand axe          |       |    28 |    25 ||    53
       Punch             |       |       |     1 ||     1
 Cast: Sandblast         |    33 |    44 |    20 ||    97
  Use: Scroll            |       |     6 |       ||     6
       Potion            |       |       |     1 ||     1
 Stab: Sleeping          |     4 |    12 |       ||    16
Armor: Robe              |    13 |    18 |     5 ||    36
Dodge: Dodged            |    68 |    68 |    47 ||   183

Levels and vault maps discovered:
D:1:      saegor_arrival_simple_d, layout_loops_corners,
          hellmonk_ecumenical_altar_watching_god, minmay_pentomino_p4
D:2:      layout_basic, minmay_snake_closets, uniq_natasha,
          uniq_crazy_yiuf_cottage
D:3:      wad_pebble_path, layout_basic, serial_bayou, serial_bayou_shore_b,
          serial_bayou_pond_b, serial_bayou_lagoon_a, serial_bayou_lake_a
D:4:      layout_cave_pools, hellmonk_ghost_happy_afterlife, minmay_manual_moon

Notes
Turn   | Place    | Note
-------+----------+-------------------------------------------
     0 | D:1      | Sobieck the Gnoll Earth Elementalist began the quest for
                  | the Orb.
     0 | D:1      | Reached XP level 1. HP: 13/13 MP: 6/6
   111 | D:1      | Reached skill level 2 in Transmutations
   147 | D:1      | Reached XP level 2. HP: 19/19 MP: 5/7
   218 | D:1      | HP: 3/19 [quokka (3)]
   609 | D:1      | Noticed a great orb of eyes
   610 | D:1      | Found a faded altar of an unknown god.
   700 | D:1      | HP: 4/20 [gnoll/+0 spear (7)]
   702 | D:1      | Reached skill level 5 in Spellcasting
   702 | D:1      | Reached XP level 3. HP: 5/25 MP: 5/9
  1219 | D:1      | Noticed an eye of devastation
  1223 | D:1      | Noticed a great orb of eyes
  1229 | D:1      | Noticed a shining eye
  1402 | D:1      | HP: 6/25 [kobold/+0 dagger (2)]
  1407 | D:1      | Learned a level 2 spell: Passwall
  1636 | D:1      | You add the spells Blink, Manifold Assault and Storm Form
                  | to your library.
  1703 | D:1      | Reached skill level 1 in Invocations
  2303 | D:2      | Reached skill level 1 in Fighting
  2303 | D:2      | Reached skill level 1 in Short Blades
  2303 | D:2      | Reached skill level 1 in Long Blades
  2303 | D:2      | Reached skill level 1 in Axes
  2303 | D:2      | Reached skill level 1 in Maces & Flails
  2303 | D:2      | Reached skill level 1 in Polearms
  2303 | D:2      | Reached skill level 1 in Staves
  2303 | D:2      | Reached skill level 1 in Slings
  2303 | D:2      | Reached skill level 1 in Bows
  2303 | D:2      | Reached skill level 1 in Crossbows
  2303 | D:2      | Reached skill level 1 in Throwing
  2303 | D:2      | Reached skill level 1 in Armour
  2303 | D:2      | Reached skill level 1 in Shields
  2303 | D:2      | Reached skill level 1 in Unarmed Combat
  2303 | D:2      | Reached skill level 1 in Evocations
  2475 | D:2      | Noticed Natasha
  2617 | D:2      | Killed Natasha
  2618 | D:2      | Reached XP level 4. HP: 31/32 MP: 2/11
  2657 | D:2      | Noticed Natasha
  2662 | D:2      | Killed Natasha
  2663 | D:2      | Reached skill level 1 in Conjurations
  2663 | D:2      | Reached skill level 1 in Hexes
  2663 | D:2      | Reached skill level 1 in Summonings
  2663 | D:2      | Reached skill level 1 in Necromancy
  2663 | D:2      | Reached skill level 1 in Translocations
  2663 | D:2      | Reached skill level 1 in Fire Magic
  2663 | D:2      | Reached skill level 1 in Ice Magic
  2663 | D:2      | Reached skill level 1 in Air Magic
  2663 | D:2      | Reached skill level 1 in Poison Magic
  2793 | D:2      | Reached XP level 5. HP: 37/37 MP: 9/12
  3378 | D:2      | Noticed Natasha
  3389 | D:2      | Killed Natasha
  3775 | D:2      | Reached XP level 6. HP: 39/44 MP: 13/13
  3791 | D:2      | Reached skill level 2 in Invocations
  3945 | D:2      | Found a runed translucent door.
  3946 | D:2      | Noticed Crazy Yiuf
  4009 | D:2      | Killed Crazy Yiuf
  4223 | D:3      | HP: 8/44 [gnoll/+0 spear (4)]
  4593 | D:3      | Reached skill level 2 in Fighting
  4593 | D:3      | Reached skill level 2 in Short Blades
  4593 | D:3      | Reached skill level 2 in Long Blades
  4593 | D:3      | Reached skill level 2 in Axes
  4593 | D:3      | Reached skill level 2 in Maces & Flails
  4593 | D:3      | Reached skill level 2 in Polearms
  4593 | D:3      | Reached skill level 2 in Staves
  4593 | D:3      | Reached skill level 2 in Slings
  4593 | D:3      | Reached skill level 2 in Bows
  4593 | D:3      | Reached skill level 2 in Crossbows
  4593 | D:3      | Reached skill level 2 in Throwing
  4593 | D:3      | Reached skill level 2 in Armour
  4593 | D:3      | Reached skill level 5 in Dodging
  4593 | D:3      | Reached skill level 2 in Shields
  4593 | D:3      | Reached skill level 2 in Unarmed Combat
  4593 | D:3      | Reached skill level 2 in Evocations
  4597 | D:3      | HP: 8/44 [orc priest/divine providence (9)]
  5619 | D:4      | Found a runed translucent door.
  5622 | D:4      | Noticed pigah's ghost (amateur OpAE)
  5633 | D:4      | Reached XP level 7. HP: 19/50 MP: 10/15
  5637 | D:4      | HP: 12/50 [poisoned by a scorpion]
  5979 | D:4      | You pick up a book of Lightning and begin reading...
  5979 | D:4      | You add the spells Static Discharge, Lightning Bolt and
                  | Maxwell's Capacitive Coupling to your library.
  6091 | D:4      | Reached skill level 2 in Conjurations
  6091 | D:4      | Reached skill level 2 in Hexes
  6091 | D:4      | Reached skill level 2 in Summonings
  6091 | D:4      | Reached skill level 2 in Necromancy
  6091 | D:4      | Reached skill level 2 in Translocations
  6091 | D:4      | Reached skill level 3 in Transmutations
  6091 | D:4      | Reached skill level 2 in Fire Magic
  6091 | D:4      | Reached skill level 2 in Ice Magic
  6091 | D:4      | Reached skill level 2 in Air Magic
  6091 | D:4      | Reached skill level 2 in Poison Magic
  6097 | D:4      | HP: 12/51 [poisoned by a water moccasin]
  6099 | D:4      | Reached skill level 5 in Stealth
  6099 | D:4      | Reached skill level 3 in Invocations
  6103 | D:4      | Learned a level 3 spell: Stone Arrow
  6358 | D:4      | You pick up a book of Geomancy and begin reading...
  6378 | D:4      | HP: 11/51 [orc warrior/+0 mace (3)]
  6381 | D:4      | Slain by an orc warrior

Vanquished Creatures
  A water moccasin (D:4)
  A black bear (D:4)
  An ogre (D:4)
  A scorpion (D:4)
  An orc priest (D:3)
  Crazy Yiuf (D:2)
  Natasha (thrice) (D:2)
  An orc wizard (D:3)
  4 gnolls
  9 adders
  A worm (D:2)
  6 orcs
  9 ball pythons
  6 bats
  5 endoplasms (D:2)
  4 giant cockroaches
  12 goblins
  11 hobgoblins
  3 jackals (D:2)
  3 quokkas
  6 frilled lizards
  6 kobolds
  8 rats
103 creatures vanquished.

Vanquished Creatures (others)
  48 plants (D:3)
48 creatures vanquished.

Grand Total: 151 creatures vanquished

Table legend:
 A = Non-vault XP
 B = Vault XP
 C = Vault XP percentage of total XP
 D = Non-vault monster count
 E = Vault monster count
 F = Vault count percentage of total count
                 A         B        C        D         E       F
            +---------+---------+-------+---------+---------+-------
      Total |     839 |     195 |  18.9 |      85 |      18 |  17.5
            +---------+---------+-------+---------+---------+-------
        D:1 |      60 |       3 |   4.8 |      29 |       2 |   6.5
        D:2 |     125 |     177 |  58.6 |      25 |      14 |  35.9
        D:3 |     144 |      15 |   9.4 |      19 |       2 |   9.5
        D:4 |     510 |       0 |   0.0 |      12 |       0 |   0.0
            +---------+---------+-------+---------+---------+-------

Illustrated notes

Table legend:
 A = Kills in this place as a percentage of kills in entire the game.
 B = Kills by you in this place as a percentage of kills by you in the entire game.
 C = Kills by friends in this place as a percentage of kills by friends in the entire game.
 D = Other kills in this place as a percentage of other kills in the entire game.
 E = Experience gained in this place as a percentage of experience gained in the entire game.
 F = Experience gained in this place divided by the number of levels of this place that you have seen.
                   A       B       C       D       E      F
               +-------+-------+-------+-------+-------+----------------------
         Total | 100.0 | 100.0 |   N/A |   N/A | 100.0 | 258.5
       Dungeon | 100.0 | 100.0 |   N/A |   N/A | 100.0 | 258.5
               +-------+-------+-------+-------+-------+----------------------

Table legend: (Time is in decaauts)
 A = Elapsed time spent in this place.
 B = Non-inter-level travel time spent in this place.
 C = Inter-level travel time spent in this place.
 D = Time resting spent in this place.
 E = Time spent auto-exploring this place.
 F = Levels seen in this place.
 G = Mean time per level.
                   A        B        C        D        E       F      G
               +--------+--------+--------+--------+--------+-----+--------+
         Total |   6436 |   6328 |    108 |   1151 |   4346 |   4 | 1609.0 |
       Dungeon |   6436 |   6328 |    108 |   1151 |   4346 |   4 | 1609.0 |
               +--------+--------+--------+--------+--------+-----+--------+

Top non-repeatable levels by time:
     D:1: 2298 daAuts
     D:2: 1803 daAuts
     D:3: 1429 daAuts
     D:4: 904 daAuts
